 Dungeon Crawl Stone Soup version 0.20.1-1-g8b1a95d (webtiles) character file.

122 lorenzova the Conjurer (level 4, 0/24 HPs)
             Began as a Deep Elf Conjurer on Oct 16, 2017.
             Killed by nerve-wracking pain
             ... invoked by an orc priest
              (10 damage)
             ... on level 3 of the Dungeon.
             The game lasted 00:03:54 (2647 turns).

lorenzova the Conjurer (Deep Elf Conjurer)          Turns: 2647, Time: 00:03:54

Health: 0/24       AC:  2    Str:  5    XL:     4   Next: 78%
Magic:  0/13       EV: 13    Int: 21    God:
Gold:   183        SH:  0    Dex: 15    Spells: 6/13 levels left

rFire    x . .     SeeInvis +   k - +0 dagger
rCold    + . .     Gourm    .   (no shield)
rNeg     . . .     Faith    .   a - +0 robe
rPois    .         Spirit   .   (no helmet)
rElec    .         Reflect  .   (no cloak)
rCorr    .         Harm     .   (no gloves)
MR       .....                  (no boots)
Stlth    ++........             (no amulet)
Regen    0.1/turn               n - ring of ice
MPRegen  0.2/turn               q - ring of see invisible

@: no status effects
A: no striking features
a: no special abilities


You were on level 3 of the Dungeon.
You were not hungry.

You visited 1 branch of the dungeon, and saw 3 of its levels.

You collected 183 gold pieces.

Inventory:

Hand Weapons
 k - a +0 dagger (weapon)
Armour
 a - a +0 robe (worn)
Jewellery
 n - a ring of ice (left hand)
 q - a ring of see invisible (right hand)
Scrolls
 d - 2 scrolls of identify {unknown}
 e - a scroll of blinking {unknown}
 g - a scroll of remove curse {unknown}
 l - a scroll of random uselessness {unknown}
 m - a scroll of recharging {unknown}
 o - a scroll of fear {unknown}
Potions
 h - a potion of curing {unknown}
 i - a potion of degeneration {unknown}
 j - 2 potions of heal wounds {unknown}
 r - a potion of haste {unknown}
Books
 b - a book of Conjurations

   Spells                             Type                      Level
   a - Magic Dart                     Conjuration                  1
   b - Searing Ray                    Conjuration                  2
   c - Dazzling Spray                 Conjuration/Hexes            3
   d - Fulminant Prism                Conjuration/Hexes            4
   e - Force Lance                    Conjuration/Translocation    4
   f - Iskenderun's Mystic Blast      Conjuration                  4
Comestibles
 c - a bread ration
 f - 3 royal jellies


   Skills:
 - Level 2.4 Dodging
 - Level 2.4 Stealth
 + Level 5.3 Spellcasting
 + Level 5.6 Conjurations


You had 6 spell levels left.
You knew the following spells:

 Your Spells              Type           Power        Failure   Level  Hunger
a - Magic Dart            Conj           ####         1%          1    None
b - Searing Ray           Conj           ####..       1%          2    None
c - Iskenderun's Mystic   Conj           ####....     10%         4    ####...


Dungeon Overview and Level Annotations

Branches:
Dungeon (3/15)

Altars:
Ashenzari


Message History

Press: ? - help, Shift-Dir - straight line, f/p - orc
Aim: an orc, wielding a mace of protection and wearing a leather armour (moderately wounded)
The orb of energy hits the orc.
The orc is moderately wounded.
The orc wizard shouts!
Casting: Iskenderun's Mystic Blast
Confirm with . or Enter, or press ? or * to list all spells.
Aiming: Iskenderun's Mystic Blast
Press: ? - help, Shift-Dir - straight line, f/p - orc
Aim: an orc, wielding a mace of protection and wearing a leather armour (lightly wounded)
The orb of energy hits the orc.
You kill the orc!
The orb of energy explodes!
The orc priest looks braver for a moment.
There is a stone staircase leading up, spattered with blood here.
The orc wizard mumbles some strange words.
The orc wizard flickers and vanishes for a moment.
The orc priest calls down the wrath of Beogh upon you.
Pain shoots through your body!
You die...

#...# ##########.#.#
#############..........#.#
#..........##.###############
#.(........##.#...).........####
#..........##.###.#########.....
#..........+............# #..###
##..........##.###.#####.# #..#
..........#..o).@#.##.# #..#
######..g.##o#o#.)....# #..#
.^.†.+....##.#.#.#.##.# ...#
######.......#o#...# # ##..#
######.#+##..#.##### ##.#
)...).)..........!....
.....................>
.......#...........#..
....####.......#)#.#


You could see an orc priest, an orc wizard (invisible) and an orc.

Vanquished Creatures
  An orc wizard (D:3)
  A gnoll (D:3)
  2 adders (D:2)
  A dart slug (D:2)
  A worm (D:2)
  A leopard gecko (D:1)
  4 orcs (D:3)
  A giant cockroach (D:1)
  7 goblins
  9 hobgoblins
  2 jackals (D:2)
  A quokka (D:3)
  A ball python (D:2)
  4 bats
  3 frilled lizards
  10 kobolds
  9 rats
58 creatures vanquished.

Notes
Turn   | Place    | Note
-------+----------+-------------------------------------------
     0 | D:1      | lorenzova the Deep Elf Conjurer began the quest for the Orb.
     0 | D:1      | Reached XP level 1. HP: 10/10 MP: 6/6
   230 | D:1      | Reached XP level 2. HP: 15/15 MP: 1/8
  1080 | D:2      | Reached XP level 3. HP: 19/19 MP: 8/10
  1084 | D:2      | Learned a level 2 spell: Searing Ray
  1114 | D:2      | Reached skill level 5 in Conjurations
  1239 | D:2      | Found a shattered altar of Ashenzari.
  2113 | D:3      | Reached XP level 4. HP: 24/24 MP: 9/12
  2171 | D:3      | Learned a level 4 spell: Iskenderun's Mystic Blast
  2401 | D:3      | Reached skill level 5 in Spellcasting
  2647 | D:3      | Killed from afar by an orc priest

Skill      XL: |  1  2  3  4 |
---------------+-------------+-----
Spellcasting   | 4 5 |  5.3
Conjurations   | 5 |  5.6
Dodging        | |  2.4
Stealth        | |  2.4

Action                   |  1- 3 |  4- 6 || total
-------------------------+-------+-------++-------
 Cast: Magic Dart        |    82 |    33 ||   115
       Iskenderun's Myst |       |     2 ||     2
  Eat: Chunk             |     3 |     2 ||     5
Armor: Robe              |     2 |     2 ||     4
Dodge: Dodged            |     8 |    19 ||    27
